Map: 深海暗礁 - 天梯版

Players

TooDming - Winner!

  • Race: Zerg Zerg
  • Spawn Location: 11:00

HeltEn

  • Race: Terran Terran
  • Spawn Location: 5:00

Event: WCS Austin 2017

VOD

Have the link to the VOD?

Description

Time

  • Played on: April 28, 2017, 3:03 p.m.
  • Length: 13:44

All games in this series

Show
View Real Time Build Order
Export as new Build Order

TooDming Zerg - Winner!

Build Orders: Hatch First 

Get SALT Encoding   

  12  0:01  Drone  
  13  0:12  Overlord  
  13  0:18  Drone  
  14  0:32  Drone x2  
  14  0:35  Drone  
  17  0:52  Hatchery  
  17  0:55  Drone  
  17  0:59  Drone  
  18  1:09  Extractor  
  17  1:14  Spawning Pool  
  17  1:17  Drone  
  17  1:22  Drone  
  18  1:28  Drone  
  19  1:39  Overlord  
  19  2:00  Zergling x2  
  19  2:01  Queen, Zergling x2  
  23  2:04  Queen  
  23  2:05  Zergling x2  
  26  2:11  Metabolic Boost  
  26  2:17  Overlord  
  26  2:20  Drone  
  27  2:23  Drone  
  28  2:36  Drone x2  
  30  2:49  Hatchery  
  29  2:57  Drone  
  29  2:58  Drone x2  
  29  3:05  Overlord  
  31  3:08  Queen  
  33  3:14  Drone x2  
  35  3:24  Drone  
  35  3:25  Drone, Overlord  
  37  3:28  Drone x3  
  37  3:32  Drone  
  37  3:33  Drone  
  42  3:46  Queen  
  42  3:47  Lair  
  44  3:51  Extractor  
  43  3:56  Zergling x10  
  48  4:05  Queen  
  48  4:07  Spine Crawler  
  48  4:09  Zergling x6  
  51  4:17  Roach Warren  
  51  4:19  Zergling x4  
  52  4:33  Drone  
  52  4:34  Drone x2, Overlord x2  
  55  4:50  Overlord  
  55  4:51  Overlord  
  53  5:02  Roach x2  
  53  5:03  Roach x3  
  53  5:04  Drone x2  
  51  5:25  Nydus Network  
  50  5:28  Drone  
  50  5:29  Drone  
  51  5:39  Drone x3  
  54  5:45  Roach  
  54  5:48  Roach  
  58  5:51  Overseer  
  58  6:02  Nydus Canal  
  58  6:06  Roach x2  
  58  6:11  Roach x2  
  64  6:14  Overseer  
  64  6:21  Roach  
  64  6:23  Roach  
  57  6:48  Queen x2  
  57  6:49  Drone  
  57  6:51  Roach x2  
  57  6:52  Roach  
  54  7:03  Drone x4  
  56  7:10  Drone x2  
  56  7:13  Drone x2  
  56  7:18  Drone x2  
  50  7:24  Spore Crawler  
  50  7:27  Glial Reconstitution  
  47  7:30  Drone x3  
  50  7:38  Drone, Evolution Chamber x2  
  50  7:39  Drone  
  50  7:41  Drone  
  51  7:44  Drone  
  51  7:45  Drone  
  53  7:56  Queen  
  55  7:59  Drone x4  
  55  8:00  Drone  
  55  8:01  Drone  
  55  8:02  Drone  
  62  8:06  Zerg Missile Weapons Level 1  
  62  8:10  Zerg Ground Armor Level 1  
  62  8:13  Extractor  
  62  8:18  Drone  
  62  8:19  Overlord  
  62  8:21  Drone x2  
  62  8:22  Drone  
  62  8:23  Drone x2, Extractor  
  62  8:24  Extractor  
  62  8:26  Drone  
  66  8:28  Drone x2  
  68  8:40  Drone x2  
  68  8:41  Roach x4  
  74  8:42  Roach  
  74  8:47  Overlord  
  80  8:51  Drone x2  
  80  8:52  Drone  
  80  8:54  Extractor  
  82  8:56  Queen  
  82  9:01  Roach x2  
  88  9:06  Drone x2, Overlord  
  88  9:07  Overlord  
  90  9:16  Roach x2  
  90  9:17  Roach x3  
  100  9:18  Overlord  
  100  9:20  Roach  
  102  9:25  Ravager x2  
  102  9:26  Ravager x2  
  106  9:32  Roach x2  
  106  9:33  Roach x2  
  110  9:39  Roach  
  110  9:42  Roach x2  
  104  9:47  Roach x2  
  104  9:50  Roach  
  104  9:51  Roach  
  104  9:52  Roach  
  102  9:55  Roach x2  
  102  9:56  Overlord  
  102  9:58  Roach  
  108  10:01  Roach x2  
  108  10:02  Roach  
  108  10:03  Roach  
  108  10:06  Zerg Missile Weapons Level 2  
  114  10:09  Zerg Ground Armor Level 2  
  114  10:20  Overlord x2  
  114  10:27  Overlord x2  
  116  10:45  Ravager x2  
  116  10:46  Ravager x2  
  116  10:47  Ravager  
  116  10:48  Hatchery  
  116  10:49  Roach x7  
  134  10:55  Ravager  
  135  10:59  Infestation Pit  
  135  11:03  Roach x4  
  142  11:05  Roach x2  
  142  11:10  Overlord x2  
  121  11:22  Roach x2  
  121  11:23  Roach x2  
  114  11:37  Drone  
  114  11:38  Drone  
  116  11:41  Roach x12  
  116  11:46  Hatchery  
  139  11:47  Infestation Pit  
  138  11:54  Queen  
  138  11:58  Ravager x2  
  138  11:59  Ravager, Roach  
  138  12:00  Roach x3  
  151  12:04  Roach x2  
  155  12:13  Roach x3  
  161  12:18  Overlord  
  161  12:19  Overlord x2  
  159  12:35  Roach  
  161  12:39  Infestor x2  
  161  12:42  Drone x4  
  170  12:44  Drone x4  
  173  12:55  Drone x3  
  173  12:56  Overlord  
  173  12:57  Overlord, Baneling Nest  
  124  13:22  Roach  
  124  13:23  Roach x13  
Show
View Real Time Build Order
Export as new Build Order

HeltEn Terran 

Build Orders: Liberator Opening, MMM Bio 

Get SALT Encoding   

  12  0:00  SCV  
  13  0:13  SCV  
  14  0:17  Supply Depot  
  14  0:25  SCV  
  15  0:38  SCV  
  15  0:39  Barracks  
  16  0:44  Refinery  
  16  0:50  SCV  
  17  1:03  SCV  
  18  1:15  SCV  
  19  1:26  Marine  
  19  1:27  Orbital Command  
  20  1:43  Command Center  
  20  1:46  Marine  
  21  1:53  SCV  
  22  2:02  Factory  
  22  2:05  Barracks Reactor  
  22  2:10  Supply Depot  
  22  2:13  SCV  
  23  2:19  Refinery  
  23  2:32  SCV  
  24  2:44  SCV  
  24  2:46  Starport  
  25  2:53  Hellion x2  
  25  2:56  Orbital Command  
  28  2:59  Barracks Tech Lab  
  28  3:01  SCV  
  27  3:13  SCV  
  27  3:15  Hellion  
  27  3:18  Hellion  
  32  3:21  SCV  
  33  3:27  SCV  
  33  3:28  Medivac  
  37  3:41  Hellion x2  
  37  3:42  SCV  
  37  3:43  Liberator  
  37  3:44  Supply Depot  
  41  3:50  SCV  
  41  3:54  SCV  
  46  4:05  SCV  
  46  4:06  SCV  
  46  4:08  Supply Depot  
  48  4:12  Hellion x2  
  48  4:14  Supply Depot  
  52  4:17  SCV  
  52  4:18  SCV  
  54  4:29  SCV  
  54  4:36  SCV  
  55  4:42  Armory, SCV  
  56  4:48  SCV  
  57  4:54  SCV  
  58  5:00  SCV  
  59  5:07  SCV  
  59  5:08  Command Center  
  59  5:12  SCV  
  59  5:16  Cloaking Field, Banshee  
  59  5:19  SCV  
  63  5:24  Barracks, SCV  
  63  5:25  Factory Reactor  
  64  5:29  Barracks Tech Lab  
  64  5:35  Barracks  
  64  5:36  SCV x2  
  64  5:38  Refinery  
  66  5:48  SCV x2  
  68  5:54  Stimpack  
  68  5:56  Marauder  
  70  5:58  Engineering Bay  
  70  6:00  Refinery  
  70  6:06  Engineering Bay  
  70  6:07  Supply Depot  
  70  6:12  SCV x2, Banshee  
  70  6:17  Factory Tech Lab  
  75  6:23  Marine x2  
  75  6:24  Marauder  
  64  6:40  Marine  
  64  6:41  Siege Tank  
  64  6:46  Marauder, SCV x2  
  39  7:15  SCV  
  31  7:24  SCV x2  
  33  7:30  Marine x2  
  33  7:34  SCV  
  33  7:36  SCV  
  37  7:42  Orbital Command  
  37  7:47  Marine  
  37  7:51  Siege Tank  
  41  7:53  SCV x2  
  41  7:56  Marine x2  
  45  8:00  Marauder  
  45  8:05  SCV x2  
  49  8:07  Terran Infantry Weapons Level 1  
  49  8:08  Terran Infantry Armor Level 1  
  49  8:13  Combat Shields  
  49  8:14  Marine  
  49  8:15  Marine x2  
  49  8:16  SCV  
  49  8:17  SCV  
  54  8:21  Marine  
  54  8:25  SCV  
  56  8:28  SCV  
  56  8:31  SCV  
  56  8:33  Marine  
  56  8:34  Marauder, Marine  
  60  8:37  SCV  
  60  8:40  SCV  
  64  8:44  Supply Depot  
  64  8:46  SCV  
  65  8:49  SCV  
  65  8:55  Marine x2  
  68  8:58  Siege Tank  
  68  8:59  Marauder  
  68  9:01  SCV  
  74  9:05  Marauder  
  74  9:08  SCV  
  77  9:11  SCV  
  77  9:14  Marine  
  77  9:15  Marine  
  80  9:24  SCV x2  
  82  9:27  Concussive Shells  
  82  9:39  Marine x4  
  80  9:51  SCV x2  
  69  9:53  Medivac x2  
  69  9:57  Marine x2  
  69  9:58  Marauder  
  78  10:03  Marine, SCV  
  78  10:05  Orbital Command  
  77  10:15  Marine  
  77  10:19  Marine  
  77  10:20  Marine  
  77  10:21  Siege Tank  
  83  10:22  Marauder, SCV x2  
  83  10:24  Medivac  
  89  10:30  Supply Depot  
  89  10:32  Supply Depot  
  89  10:37  Medivac  
  91  10:43  SCV  
  91  10:44  SCV  
  91  10:46  Marine  
  91  10:49  Marine x2  
  95  10:50  Marauder  
  95  10:51  SCV  
  95  10:53  Medivac  
  101  10:58  Siege Tank  
  104  11:04  Marine  
  104  11:08  Marauder  
  104  11:09  Marine  
  108  11:11  Marauder  
  108  11:14  Orbital Command  
  100  11:22  Marine  
  100  11:24  Medivac  
  100  11:25  Medivac  
  95  11:27  Marine  
  95  11:29  Marauder  
  95  11:33  Marauder  
  95  11:39  Siege Tank  
  98  11:40  Marine  
  98  11:43  SCV x3  
  98  11:45  Marine  
  103  11:50  Refinery  
  103  11:51  Marauder  
  105  11:57  Barracks  
  105  12:03  SCV  
  105  12:04  Barracks, SCV  
  105  12:08  SCV  
  108  12:12  Marauder  
  108  12:13  Marauder  
  112  12:17  Supply Depot, SCV  
  112  12:20  Refinery, SCV x2  
  115  12:33  SCV x3  
  118  12:38  Sensor Tower  
  118  12:40  Marine  
  118  12:41  Marauder, Marine  
  122  12:46  Marauder  
  122  12:47  SCV  
  122  12:50  Siege Tank  
  128  12:51  Barracks Tech Lab  
  128  12:52  Barracks Reactor  
  109  13:06  Marine  
  109  13:07  Marauder x2, Marine  
  104  13:14  Marauder  
  95  13:24  Marine x2  
Tags
 
Add a new tag
Caveats
  • Supply blocks, unpowered buildings, or Contaminate may cause inaccurate times.
  • Supply counts are checked every 10 seconds.